 Dungeon Crawl Stone Soup version 0.30-a0-881-g1ff12e1e11 (webtiles) character file.

Game seed: 4241351522946535448

10 avis the Ruffian (level 2, -2/36 HPs)
             Began as a Hill Orc Transmuter on Mar 15, 2023.
             Succumbed to a goblin's poison
             ... on level 1 of the Dungeon.
             The game lasted 00:02:02 (326 turns).

avis the Ruffian (Hill Orc Transmuter)               Turns: 326, Time: 00:02:03

Health: -2/36      AC: 21    Str: 12    XL:     2   Next: 20%
Magic:  3/4        EV:  2    Int: 13    God:
Gold:   50         SH:  0    Dex: 11    Spells: 3/4 levels left

rFire   . . .      SeeInvis .      - Unarmed
rCold   . . .      Faith    .    (no shield)
rNeg    . . .      Spirit   .    a - melded +0 robe
rPois   +          Reflect  .    (helmet currently unavailable)
rElec   .          Rampage  .    (cloak currently unavailable)
rCorr   .          NoTele   +    (gloves currently unavailable)
Will    .....                    (boots currently unavailable)
Stlth   +                        (no amulet)
HPRegen 0.26/turn                (no ring)
MPRegen 0.09/turn                (no ring)

@: lethally poisoned (-2 -> -15), tree-form
A: stationary, stasis, torment immunity, boosted hp
a: no special abilities


You were on level 1 of the Dungeon.
You were a tree.
You visited 1 branch of the dungeon, and saw 1 of its levels.

You collected 50 gold pieces.

Inventory:

Missiles
 g - 5 poisoned darts
Armour
 a - a +0 robe (melded)
 f - a +0 plate armour
Scrolls
 d - a scroll of poison {unknown}
 h - a scroll of teleportation {unknown}
Potions
 c - a potion of curing {unknown}
 e - a potion of might {unknown}


   Skills:
 - Level 2.0 Fighting
 - Level 1.5 Dodging
 * Level 3.7 Unarmed Combat
 - Level 1.5 Spellcasting
 - Level 1.3 Transmutations


You had 3 spell levels left.
You knew the following spells:

 Your Spells              Type           Power      Damage    Failure   Level
a - Beastly Appendage     Tmut           8%         N/A       16%         1

Your spell library contained the following spells:

 Spells                   Type           Power      Damage    Failure   Level
 Wereblood                Tmut           4%         N/A       22%         2
 Spider Form              Tmut/Pois      2%         N/A       52%         3
 Ice Form                 Ice/Tmut       2%         N/A       89%         4


Dungeon Overview and Level Annotations

Branches:
Dungeon (1/15)

Altars:


Message History

Found 5 atropa-tipped darts.
A kobold comes into view. It is wielding a +0 club.
A goblin comes into view. It is wielding a +2 dagger of venom.
Casting: Beastly Appendage (safe; 16% risk of failure)
Confirm with . or Enter, or press ? or * to list all spells.
You grow a pair of large bovine horns.
Your feet morph into talons.
The kobold shouts!
The goblin shouts!
You hear an angry hiss.
A bat comes into view.
The bat moves out of view.
You barely miss the goblin.
The goblin hits you with a +2 dagger of venom.
You are poisoned.
You closely miss the goblin. Your kick misses the goblin.
You feel sick.
The goblin hits you with a +2 dagger of venom.
You barely miss the goblin.
You feel sick. The kobold closely misses you. The goblin misses you.
A frilled lizard comes into view.
You closely miss the goblin.
You feel sick. The kobold misses you.
The goblin hits you with a +2 dagger of venom.
You are lethally poisoned!
The frilled lizard hisses angrily.
You hit the goblin. You headbutt the goblin.
The goblin is heavily wounded.
Your transformation is almost over.
* * * LOW HITPOINT WARNING * * *
You feel very sick. The kobold closely misses you.
The goblin hits you with a +2 dagger of venom.
* * * LOW HITPOINT WARNING * * *
You are more poisoned.
Really quaff the potion of lignification?
Your horns disappear.
Your talons disappear.
You turn into a tree.
Your +0 robe melds into your body.
Your roots penetrate the ground.
* * * LOW HITPOINT WARNING * * *
You feel very sick. The kobold hits you but does no damage.
The goblin hits you but does no damage.
You smack the goblin!
You kill the goblin!
You die...

#.# #.# ######### #.#
........# #.#
#######.# ###.#######
#.....#.# #.........#
#.....#.# #....######
#.......##
##.........
#.....#..#
#..♣K.#####
##.#+####'####+#)##
#..#...........#l..
#..######<######.##.#
#......#### .(. #
#.##......# ##
#.######### #.# #.#


You could see a kobold and a frilled lizard.

Vanquished Creatures
  A ball python (D:1)
  An endoplasm (D:1)
  A giant cockroach (D:1)
  2 goblins (D:1)
  A quokka (D:1)
  2 frilled lizards (D:1)
  A kobold (D:1)
  2 rats (D:1)
11 creatures vanquished.

Notes
Turn   | Place    | Note
-------+----------+-------------------------------------------
     0 | D:1      | avis the Hill Orc Transmuter began the quest for the Orb.
     0 | D:1      | Reached XP level 1. HP: 16/16 MP: 3/3
   259 | D:1      | Reached XP level 2. HP: 24/24 MP: 2/4
   325 | D:1      | HP: 1/36 [poisoned by a goblin]
   326 | D:1      | Succumbed to a goblin's poison

Illustrated notes

Levels and vault maps discovered:
D:1:      minmay_arrival_three_doors, layout_loops_ring,
          shapermc_ecumenical_altar_notcrosses

Skill      XL: |  1 |
---------------+----+-----
Fighting       | 2 |  2.0
Dodging        | |  1.5
Unarmed Combat | |  3.7
Spellcasting   | |  1.5
Transmutations | |  1.3

Action                     || total
---------------------------++-------
  Melee: Unarmed           ||    37
         Kick              ||     4
         Headbutt          ||     2
   Cast: Beastly Appendage ||     6
    Use: Potion            ||     1
 Armour: Skin              ||     2
  Dodge: Dodged            ||    25

Table legend: (Time is in decaauts)
 A = Elapsed time spent in this place.
 B = Non-inter-level travel time spent in this place.
 C = Inter-level travel time spent in this place.
 D = Time resting spent in this place.
 E = Time spent auto-exploring this place.
 F = Levels seen in this place.
 G = Mean time per level.
                   A        B        C        D        E       F      G
               +--------+--------+--------+--------+--------+-----+--------+
         Total |    324 |    324 |      0 |     38 |    157 |   1 |  324.0 |
       Dungeon |    324 |    324 |      0 |     38 |    157 |   1 |  324.0 |
               +--------+--------+--------+--------+--------+-----+--------+

Top non-repeatable levels by time:
     D:1: 324 daAuts
